AoeStats
← DAN13L

Lombardia

509219737Analyzed
2v2 RM · 8d ago on Sep 25, 2026· 83m 11s· 4 players
Game mode
Random Map
Map size
Medium (4 player)
Population
200
Speed
Normal
Resources
Standard
Victory
Conquest
Starting age
Dark Age
Ending age
Imperial Age
RankedLock teamsTeams togetherTeam positionsShared explorationLock speedFull tech treeHidden civsTurbo modeCheats
Victory
Defeat
🇧🇷 Maya · Brazil
1057
+15
🇨🇴 Burgundians · Colombia
972
+18
🇦🇷 Mapuche · Argentina
1025
-17
🇲🇽 Wei · Mexico
1024
-16
Papayo27
5:23 Loom
11:09 Feudal Age
9:36 Double-Bit Axe
10:08 Gold Mining
15:49 Horse Collar
18:27 Wheelbarrow
20:50 Castle Age
19:25 Forging
20:00 Heavy Plow
21:13 Bow Saw
21:26 Scale Barding Armor
22:17 Husbandry
21:40 Light Cavalry
21:46 Pikeman
23:04 Iron Casting
25:03 Squires
34:26 Chain Barding Armor
36:01 Burgundian Vineyards
36:52 Hand Cart
39:54 Town Watch
41:10 Gold Shaft Mining
41:09 Crop Rotation
48:15 Imperial Age
46:17 Masonry
48:26 Hussar
50:16 Plate Barding Armor
50:20 Conscription
51:09 Blast Furnace
72:33 Halberdier
74:15 Scale Mail Armor
74:00 Capped Ram
83:03 Flemish Revolution
nicolaiequal
0:35 Loom
11:41 Feudal Age
12:40 Double-Bit Axe
13:04 Town Watch
13:38 Forging
13:33 Scale Mail Armor
13:43 Horse Collar
22:04 Castle Age
20:22 Stone Mining
21:37 Wheelbarrow
22:18 Fletching
22:24 Gold Mining
22:15 Eagle Warrior
23:47 Bow Saw
26:13 Bodkin Arrow
26:53 Iron Casting
28:30 Chain Mail Armor
28:15 Pikeman
30:05 Squires
33:12 Padded Archer Armor
35:01 Leather Archer Armor
38:42 Imperial Age
38:24 Heavy Plow
38:47 Halberdier
38:58 Capped Ram
40:43 Blast Furnace
40:56 Hand Cart
40:51 Arson
41:39 Plate Mail Armor
42:24 Bracer
44:40 Siege Ram
45:55 Ring Archer Armor
45:47 Ballistics
46:33 Chemistry
46:58 Crop Rotation
47:50 Holcans
49:36 Two-Man Saw
48:55 Town Patrol
50:07 Conscription
51:07 Elite Plumed Archer
51:51 Elite Eagle Warrior
52:54 Hul'che Javelineers
63:28 Thumb Ring
62:44 Elite Skirmisher
75:43 Hoardings
76:06 Masonry
75:54 Murder Holes
3ms
9:36 Feudal Age
10:00 Horse Collar
10:08 Double-Bit Axe
12:59 Loom
20:40 Castle Age
19:59 Stone Mining
20:10 Gold Mining
21:31 Wheelbarrow
21:57 Bow Saw
21:49 Heavy Plow
25:23 Town Watch
30:51 Fletching
31:12 Forging
31:03 Scale Mail Armor
31:27 Hand Cart
31:12 Town Patrol
32:13 Gold Shaft Mining
32:14 Stone Shaft Mining
32:19 Bodkin Arrow
32:25 Padded Archer Armor
34:36 Elite Skirmisher
36:36 Leather Archer Armor
36:57 Iron Casting
36:37 Chain Mail Armor
37:35 Malon
42:04 Imperial Age
40:54 Ballistics
40:45 Masonry
40:16 Treadmill Crane
41:02 Pikeman
43:43 Champi Runner
45:24 Murder Holes
46:34 Halberdier
48:41 Butalmapu
49:49 Elite Kona
60:54 Champi Warrior
63:28 Elite Champi Warrior
76:32 Plate Mail Armor
DAN13L
6:42 Loom
8:56 Feudal Age
10:43 Double-Bit Axe
14:08 Bloodlines
15:34 Horse Collar
17:05 Scale Barding Armor
17:15 Forging
22:51 Castle Age
21:03 Scale Barding Armor
21:18 Gold Mining
23:22 Pikeman
24:39 Wheelbarrow
24:44 Iron Casting
25:02 Husbandry
28:35 Hand Cart
28:32 Bow Saw
29:05 Light Cavalry
31:58 Thumb Ring
33:29 Fletching
33:56 Scale Mail Armor
33:53 Fletching
35:16 Squires
35:40 Chain Barding Armor
35:53 Heavy Plow
36:31 Gold Shaft Mining
37:27 Ballistics
38:58 Crossbowman
41:00 Caravan
44:06 Man-at-Arms
44:46 Elite Skirmisher
46:29 Long Swordsman
50:57 Imperial Age
49:38 Bodkin Arrow
50:43 Arson
51:50 Two-Handed Swordsman
54:05 Parthian Tactics
53:15 Halberdier
54:39 Conscription
57:18 Padded Archer Armor
59:53 Scale Mail Armor
60:11 Leather Archer Armor
60:00 Murder Holes
62:00 Chemistry
62:48 Chain Mail Armor
62:14 Capped Ram
63:35 Heavy Hei Guang Cavalry
65:56 Siege Ram
66:52 Hussar
71:52 Masonry
74:41 Ming Guang Armor
74:49 Bracer
77:57 Ring Archer Armor
77:56 Tuntian
77:44 Treadmill Crane
79:35 Fortified Wall
84:38 Blast Furnace
Connection lost

Rejoining the realm…

Still unreachable

The connection could not be restored.

Session expired

The server has moved on; the page needs a fresh start.